 Dungeon Crawl Stone Soup version 0.21-a0-84-g85d6d27 (webtiles) character file.

254 Kurtz the Cudgeler (level 5, 0/41 HPs)
             Began as a Mummy Abyssal Knight on July 4, 2017.
             Was a Believer of Lugonu.
             Slain by a leopard gecko (1 damage)
             ... on level 4 of the Dungeon.
             The game lasted 00:04:48 (4305 turns).

Kurtz the Cudgeler (Mummy Abyssal Knight)           Turns: 4305, Time: 00:04:49

Health: 0/41       AC: 13    Str: 15    XL:     5   Next: 90%
Magic:  0/6        EV:  4    Int: 12    God:    Lugonu [**....]
Gold:   128        SH:  0    Dex: 12    Spells: 4/4 levels left

rFire    x . .     SeeInvis .   a - +1 mace
rCold    + . .     Gourm    .   (no shield)
rNeg     + + +     Faith    .   m - +0 plate armour
rPois    ∞         Spirit   +   n - +2 helmet
rElec    .         Reflect  .   (no cloak)
rCorr    .         Harm     .   (no gloves)
MR       .....                  (no boots)
Stlth    ..........             p - amulet of guardian spirit
HPRegen  0.13/turn              c - ring of loudness (curse)
MPRegen  0.10/turn              (no ring)

@: very slow
A: no food or potions, fire vulnerability, cold resistance 1, negative energy
resistance 3, torment resistance, unbreathing
a: Depart the Abyss, Bend Space, Renounce Religion


You were on level 4 of the Dungeon.
You worshipped Lugonu.
Lugonu was pleased with you.
You were not hungry.

You visited 1 branch of the dungeon, and saw 4 of its levels.
You visited the Abyss 1 time.

You collected 128 gold pieces.

Inventory:

Hand Weapons
 a - a +1 mace (weapon)
Missiles
 l - 4 tomahawks (quivered)
Armour
 b - a +0 leather armour
 d - a +0 ring mail
 m - a +0 plate armour (worn)
 n - a +2 helmet (worn)
Jewellery
 c - a cursed ring of loudness (left hand)
 p - an amulet of guardian spirit (around neck)
Scrolls
 e - a scroll of magic mapping
 f - a scroll of recharging {unknown}
 g - a scroll of enchant armour {unknown}
 h - a scroll of random uselessness {unknown}
 i - 3 scrolls of teleportation {unknown}
 j - a scroll of immolation {unknown}
 k - a scroll of enchant weapon {unknown}
 o - a scroll of remove curse
 q - a scroll of identify
 r - a scroll of fog {unknown}


   Skills:
 - Level 3.0 Fighting
 * Level 5.0 Maces & Flails
 - Level 1.5 Armour
 - Level 0.7 Dodging
 * Level 2.1 Invocations


You had 4 spell levels left.
You didn't know any spells.

Dungeon Overview and Level Annotations

Branches:
Dungeon (4/15)             Temple (0/1) D:4

Altars:
The Shining One

Annotations:
D:4 Kurtz's ghost, amateur VSAK


Innate Abilities, Weirdness & Mutations

You do not eat or drink.
Your flesh is vulnerable to fire.
You are immune to poison.
Your flesh is cold resistant. (rC+)
You are immune to negative energy. (rN+++)
You are immune to unholy pain and torment.
You can survive without breathing.


Message History

* * * LOW HITPOINT WARNING * * *
The leopard gecko bites you but does no damage.
The orc hits you with a war axe.
* * * LOW HITPOINT WARNING * * *
The giant cockroach bites you but does no damage. x2
The worm bites you but does no damage.
Your unstable footing causes you to fumble your attack.
The leopard gecko bites you but does no damage. x2
The giant cockroach bites you but does no damage.
The giant cockroach splashes around in the water.
The orc splashes around in the water.
The leopard gecko bites you.
* * * LOW HITPOINT WARNING * * *
The leopard gecko bites you but does no damage.
The worm bites you but does no damage.
You hit the leopard gecko.
The leopard gecko is heavily wounded.
The giant cockroach barely misses you.
The giant cockroach bites you but does no damage.
The leopard gecko bites you.
You die...

############
##.....##...#
#..###....#.#
#.##≈######≈##
#.#≈≈≈≈≈≈#≈o≈# ####
#.#≈≈≈#≈r#≈r≈# ...#
##.##≈##lo##≈##
...#####..##≈#≈s@w#≈#
.g.........#≈#≈sl≈#≈#
...###....##w##≈≈##≈##
#### #....#≈ls####≈≈≈#
.## #....#≈≈≈≈≈sr≈≈≈#
..## #....##≈######≈##
...# #(....### ###
...# #......# ...#
########


You could see a worm, an orc, 2 leopard geckos, 2 giant cockroaches and a rat.

Vanquished Creatures
  The ghost of octopodefightclub the Skirmisher, an amateur OpGl (D:3)
  A centaur skeleton (D:4)
  A worker ant (D:4)
  6 adders
  3 worms
  2 leopard geckos
  An orc (D:3)
  2 ball pythons (D:2)
  5 bats
  A giant cockroach (D:3)
  13 goblins
  5 hobgoblins
  2 jackals (D:2)
  A quokka (D:2)
  4 frilled lizards
  3 kobolds
  10 rats
61 creatures vanquished.

Notes
Turn   | Place    | Note
-------+----------+-------------------------------------------
     0 | Abyss:1  | Kurtz the Mummy Abyssal Knight began the quest for the Orb.
     0 | Abyss:1  | Reached XP level 1. HP: 18/18 MP: 2/2
    57 | Abyss:1  | Noticed a smoke demon
    63 | Abyss:1  | Noticed a lich
    65 | Abyss:1  | Paralysed by a lich for 2 turns
    67 | D:1      | Escaped the Abyss
   272 | D:1      | Reached * piety under Lugonu
   364 | D:1      | Reached skill level 2 in Maces & Flails
   527 | D:1      | Reached XP level 2. HP: 17/24 MP: 3/3
  1210 | D:2      | Reached XP level 3. HP: 29/29 MP: 4/4
  1316 | D:2      | Reached skill level 3 in Maces & Flails
  2143 | D:2      | Reached XP level 4. HP: 29/35 MP: 5/5
  2298 | D:2      | Found a glowing golden altar of the Shining One.
  2969 | D:3      | Noticed octopodefightclub's ghost (amateur OpGl)
  2983 | D:3      | Killed octopodefightclub's ghost
  2983 | D:3      | Reached skill level 4 in Maces & Flails
  2983 | D:3      | Reached XP level 5. HP: 20/41 MP: 6/6
  3167 | D:3      | Reached ** piety under Lugonu
  3537 | D:4      | Noticed an ogre
  3585 | D:4      | Found a staircase to the Ecumenical Temple.
  3726 | D:4      | Noticed Kurtz's ghost (amateur VSAK)
  4276 | D:4      | Reached skill level 5 in Maces & Flails
  4304 | D:4      | HP: 1/41 [leopard gecko (3)]
  4305 | D:4      | Slain by a leopard gecko

Vault maps used:
D:1:      ncdulo_watergridlock, hangedman_decor_lopped, corner_web_ring
D:2:      first_bread, nicolae_tso_carved_into_rock
D:3:      minivault_23
D:4:      minmay_temple_entry_crystal_x, gup_sewer_entry_bubbles,
          minmay_ogre_servants

Skill      XL: |  1  2  3  4  5 |
---------------+----------------+-----
Maces & Flails | 2 3 4 5 |  5.0
Invocations    | 2 |  2.1
Fighting       | |  3.0
Armour         | |  1.5
Dodging        | |  0.7

Action                   |  1- 3 |  4- 6 || total
-------------------------+-------+-------++-------
Melee: Mace              |   102 |   143 ||   245
Invok: Depart the Abyss  |     1 |       ||     1
       Bend Space        |       |     4 ||     4
  Use: Scroll            |     2 |     2 ||     4
Armor: Leather armour    |     6 |       ||     6
       Ring mail         |    41 |       ||    41
       Plate armour      |    18 |   167 ||   185
Dodge: Dodged            |    63 |    44 ||   107
